AoeStats
← PRO_ENEMY

Nomad

503469506Analyzed
4v4 RM · 1mo ago on Aug 31, 2026· 33m 15s· 8 players
Game mode
Random Map
Map size
231×231
Population
200
Speed
Normal
Resources
Standard
Victory
Conquest
Starting age
Dark Age
Ending age
Imperial Age
RankedLock teamsTeams togetherTeam positionsShared explorationLock speedFull tech treeHidden civsTurbo modeCheats
Victory
Defeat
🇧🇷 Britons · Brazil
1171
+14
🇵🇰 Aztecs · Pakistan
1164
+14
🇨🇱 Khmer · Chile
1141
+15
🇨🇴 Muisca · Colombia
1116
+17
🇸🇪 Magyars · Sweden
1143
-16
🇸🇪 Italians · Sweden
1139
-16
🇪🇸 Ethiopians · Spain
1123
-15
🇪🇸 Inca · Spain
1107
-14
Murkeldjuret. ®
8:28 Loom
javipuerto
7:22 Loom
LokillO!
7:55 Loom
15:23 Feudal Age
19:21 Castle Age
17:19 Double-Bit Axe
17:25 Fishing Lines
17:23 Champi Runner
19:11 Town Watch
20:47 Wheelbarrow
20:25 Squires
20:27 Arson
22:33 Gold Mining
22:10 Champi Warrior
23:35 Scale Mail Armor
23:45 Forging
25:15 Horse Collar
27:55 Iron Casting
27:35 Chain Mail Armor
28:06 Fletching
28:43 Stone Mining
29:57 Heavy Plow
32:53 Chain Mail Armor
32:34 Bodkin Arrow
Murmeldjuret. ®
3:22 Loom
5:00 Loom
CC182
17:27 Feudal Age
15:43 Loom
18:06 Double-Bit Axe
18:20 Town Watch
22:15 Castle Age
20:54 Scale Mail Armor
21:04 Forging
24:01 Iron Casting
25:14 Chain Mail Armor
27:52 Squires
28:10 Fletching
Coffee Break Golden
4:32 Loom
14:42 Feudal Age
15:16 Double-Bit Axe
18:21 Horse Collar
23:37 Castle Age
21:34 Fletching
21:45 Padded Archer Armor
21:54 Fishing Lines
22:20 Stone Mining
22:23 Gold Mining
24:39 Wheelbarrow
24:39 Bodkin Arrow
24:59 Leather Archer Armor
24:48 Gillnets
25:03 Town Watch
25:44 Bow Saw
26:14 Gold Shaft Mining
26:01 Town Patrol
26:17 Hand Cart
26:51 Coinage
28:26 Ballistics
27:54 Treadmill Crane
30:48 Imperial Age
33:50 Chemistry
33:05 Medium Warships
EMPANADADEPICOQUESO
PRO_ENEMY
3:24 Loom
13:08 Feudal Age
17:27 Castle Age
15:37 Fishing Lines
15:48 Fishing Lines
16:16 Double-Bit Axe
16:12 Horse Collar
18:24 Bow Saw
18:52 Gillnets
20:26 Wheelbarrow
20:47 Wheelbarrow
23:58 Horse Collar
24:39 Hand Cart
25:46 Heavy Plow
27:02 Medium Warships
27:19 Forging
27:51 Gold Mining
27:52 Stone Mining
29:58 Gold Shaft Mining
33:33 Imperial Age
33:07 Iron Casting
32:37 Scale Mail Armor
Connection lost

Rejoining the realm…

Still unreachable

The connection could not be restored.

Session expired

The server has moved on; the page needs a fresh start.